 Dungeon Crawl Stone Soup version 0.29.1-2-gbd0b4ee654 (webtiles) character file.

Game seed: 13852036976892263387

80 Icepheonix32 the Grave Robber (level 4, 0/24 HPs)
             Began as a Deep Elf Necromancer on Nov 1, 2022.
             Succumbed to an adder's poison
             ... on level 2 of the Dungeon.
             The game lasted 00:02:12 (2188 turns).

Icepheonix32 the Grave Robber (DENe)                Turns: 2188, Time: 00:02:13

Health: 0/24       AC:  2    Str:  6 (7)  XL:     4   Next: 18%
Magic:  5/10       EV: 12    Int: 18 (20) God:
Gold:   88         SH:  0    Dex: 14 (15) Spells: 8/9 levels left

rFire   . . .      SeeInvis .   c - +0 dagger
rCold   . . .      Faith    .   (no shield)
rNeg    . . .      Spirit   +   a - +0 robe
rPois   .          Reflect  .   (no helmet)
rElec   .          Harm     .   (no cloak)
rCorr   +          Rampage  .   (no gloves)
Will    .....                   (no boots)
Stlth   ++........              l - amulet of guardian spirit
HPRegen 0.08/turn               f - ring of resist corrosion
MPRegen 0.12/turn               (no ring)

@: brilliant, lethally poisoned (0 -> -7)
A: no striking features
a: no special abilities


You were on level 2 of the Dungeon.
You visited 1 branch of the dungeon, and saw 3 of its levels.

You collected 88 gold pieces.

Inventory:

Hand Weapons
 c - a +0 dagger (weapon)
 i - a +1 antimagic spear
Armour
 a - a +0 robe (worn)
Jewellery
 f - a ring of resist corrosion (left hand)
 l - an amulet of guardian spirit (around neck)
Scrolls
 h - a scroll of teleportation {unknown}
 k - a scroll of identify {unknown}
Potions
 b - a potion of magic
 d - a potion of mutation {unknown}
 e - a potion of resistance {unknown}
 g - 2 potions of degeneration


   Skills:
 - Level 2.4 Dodging
 - Level 2.4 Stealth
 - Level 3.0 Spellcasting
 + Level 6.9 Necromancy


You had 8 spell levels left.
You knew the following spells:

 Your Spells              Type           Power      Damage    Failure   Level
a - Necrotise             Necr           100%       1d9       1%          1

Your spell library contained the following spells:

 Spells                   Type           Power      Damage    Failure   Level
 Vampiric Draining        Necr           41%        2d8       2%          3
 Animate Dead             Necr           41%        N/A       10%         4
 Agony                    Necr           41%        N/A       26%         5


Dungeon Overview and Level Annotations

Branches:
Dungeon (3/15)

Altars:


Message History

You are poisoned.
The adder poisons you!
You climb upwards.
You feel very sick.
There is a stone staircase leading down here.
The adder barely resists.
You feel sick. The adder bites you.
You are more poisoned.
The adder poisons you! The goblin barely misses you.
The goblin hits you with a +0 dagger.
You are too injured to fight recklessly!
Unknown command.
You are too injured to fight recklessly!
You are too injured to fight recklessly!
Unknown command.
You are too injured to fight recklessly!
Casting: Necrotise (safe; 1% risk of failure)
Confirm with . or Enter, or press ? or * to list all spells.
Aiming: Necrotise (safe; 1% risk of failure)
Press: ? - help, Shift-Dir - straight line, f/p - adder
Aim: an adder (chance to affect: 88%)
The adder writhes in agony.
You feel sick. The adder bites you but does no damage.
The goblin hits you with a +0 club.
* * * LOW HITPOINT WARNING * * *
The goblin hits you with a +0 dagger.
* * * LOW HITPOINT WARNING * * *
Sorry, you're not good enough to have a special ability.
Unknown command.
Unknown command.
It was a potion of brilliance.
You feel clever all of a sudden.
* * * LOW HITPOINT WARNING * * *
You feel sick. The adder bites you.
* * * LOW HITPOINT WARNING * * *
The goblin hits you with a +0 club.
* * * LOW HITPOINT WARNING * * *
The goblin hits you with a +0 dagger. The adder barely misses you.
It was a potion of degeneration.
There was something very wrong with that liquid.
You feel weakened.
You feel dopey.
You feel clumsy.
You die...

#####.....####.# #.............
#..[.....####.#####..###........
#..........##....##..# #........
#.......##.#####.#...# #########
#....)..##.#####.#.#.#
#.......##...##......#
#.......###...#..#.###
###########...#S.#.#
#.......@g#.# ##......g..#.#
#..........#.# #..........#.#
###..........#.# #
#...)...#..#...###### #
#.#<....#..#.<......#
######.#######..#........#
................+.......#######


You could see an adder and 2 goblins.

Vanquished Creatures
  2 adders (D:2)
  2 dart slugs
  9 endoplasms
  2 goblins
  4 hobgoblins
  8 jackals
  2 quokkas
  9 ball pythons
  5 bats
  4 frilled lizards
  2 kobolds (D:1)
  3 rats
52 creatures vanquished.

Vanquished Creatures (collateral kills)
  A rat (D:2)
1 creature vanquished.

Grand Total: 53 creatures vanquished

Notes
Turn   | Place    | Note
-------+----------+-------------------------------------------
     0 | D:1      | Icepheonix32 the Deep Elf Necromancer began the quest for
                  | the Orb.
     0 | D:1      | Reached XP level 1. HP: 10/10 MP: 6/6
    12 | D:1      | Reached skill level 5 in Necromancy
   107 | D:1      | Found a faded altar of an unknown god.
   182 | D:1      | Reached XP level 2. HP: 15/15 MP: 5/8
   669 | D:1      | Reached skill level 6 in Necromancy
   737 | D:1      | Reached XP level 3. HP: 14/19 MP: 9/9
  1731 | D:2      | Reached XP level 4. HP: 24/24 MP: 7/10
  2188 | D:2      | Succumbed to an adder's poison

Illustrated notes

Levels and vault maps discovered:
D:1:      onia_arrival_pentagram, layout_basic,
          hellmonk_ecumenical_altar_crossroads, minivault_24
D:2:      layout_basic, kennysheep_flooded_box
D:3:      layout_basic, mainiacjoe_overflow_alcove_4,
          minmay_randomly_rotated_circles, uniq_robin

Skill      XL: |  1  2 |
---------------+-------+-----
Necromancy     | 5 6 |  6.9
Dodging        | |  2.4
Stealth        | |  2.4
Spellcasting   | |  3.0

Action                   |  1- 3 |  4- 6 || total
-------------------------+-------+-------++-------
Melee: Dagger            |    28 |     2 ||    30
       Punch             |     2 |       ||     2
 Cast: Necrotise         |    73 |    10 ||    83
  Use: Scroll            |     2 |       ||     2
       Potion            |       |     2 ||     2
 Stab: Sleeping          |     1 |       ||     1
Armor: Robe              |     5 |     5 ||    10
Dodge: Dodged            |    35 |    15 ||    50
